 Dungeon Crawl Stone Soup version 0.26.1-2-gb8aa6d0 (webtiles) character file.

Game seed: 16715366100717902665

48 Nithhogg the Ducker (level 4, -3/35 HPs)
             Began as a Human Monk on Mar 30, 2021.
             Killed from afar by an orc wizard (12 damage)
             ... with a puff of flame
             ... on level 2 of the Dungeon.
             The game lasted 00:03:29 (1527 turns).

Nithhogg the Ducker (Human Monk)                    Turns: 1527, Time: 00:03:30

Health: -3/35      AC:  2    Str: 12    XL:     4   Next: 0%
Magic:  4/4        EV: 14    Int: 10    God:
Gold:   94         SH:  0    Dex: 16    Spells: 3/3 levels left

rFire    . . .     SeeInvis .   a - +0 hand axe
rCold    . . .     Faith    .   (no shield)
rNeg     . . .     Spirit   .   b - +0 robe
rPois    .         Reflect  .   (no helmet)
rElec    .         Harm     +   l - scarf {harm}
rCorr    .         Rampage  .   (no gloves)
Will     .....                  (no boots)
Stlth    ++........             (no amulet)
HPRegen  0.11/turn              (no ring)
MPRegen  0.09/turn              (no ring)

@: no status effects
A: no striking features
a: no special abilities


You were on level 2 of the Dungeon.
You visited 1 branch of the dungeon, and saw 2 of its levels.

You collected 94 gold pieces.

Inventory:

Hand Weapons
 a - a +0 hand axe (weapon)
Armour
 b - a +0 robe (worn)
 l - a scarf of harm (worn)
Scrolls
 c - 2 scrolls of amnesia {unknown}
 f - 2 scrolls of identify {unknown}
 g - 3 scrolls of teleportation {unknown}
 h - 4 scrolls of blinking {unknown}
 i - 2 scrolls of immolation {unknown}
 j - 2 scrolls of remove curse {unknown}
Potions
 d - a potion of heal wounds {unknown}
 e - a potion of curing
 k - a potion of flight {unknown}


   Skills:
 + Level 3.4 Fighting
 + Level 3.4 Axes
 + Level 1.3 Armour
 + Level 3.4 Dodging
 - Level 2.0 Stealth


You had 3 spell levels left.
You didn't know any spells.
Your spell library was empty.

Dungeon Overview and Level Annotations

Branches:
Dungeon (2/15)

Altars:


Message History

The orc wizard hits you but does no damage.
The orc wizard points at you and mumbles some strange words.
The puff of flame hits you!
The orc wizard points at you and mumbles some strange words.
The magic dart hits you.
You hit the orc wizard.
The orc wizard is severely wounded.
The orc wizard closely misses you.
The orc wizard hits you with a +0 dagger.
You hit the orc wizard.
The orc wizard is severely wounded.
The orc wizard gestures at you while chanting.
The puff of frost hits you!
* * * LOW HITPOINT WARNING * * *
The orc wizard hits you with a +0 dagger.
* * * LOW HITPOINT WARNING * * *
It was a potion of curing.
You feel better. The orc wizard casts a spell at you.
The puff of flame hits you!
You die...

.....).......###
.(.............#
####...........##### #
#........#......#
####........#...<..##
.......##+#.#.......+
.....####.#.####.####
.................#
.....######.####@#
###..# #.# #o# .. ...
#..# #.# ##g# .. .. #
#..######.# #oo# ....
.. #..>......# #.o#
.#.#.# .
#.#######.###..##.....
. #)# #.............
.##.#
#..###.###.#.#.##
..#.#
#........o.......


You could see an orc wizard (fast), 3 orcs and a goblin.

Vanquished Creatures
  2 adders (D:2)
  A dart slug (D:1)
  3 leopard geckos
  3 ball pythons (D:1)
  2 giant cockroaches
  5 goblins
  2 hobgoblins (D:2)
  3 kobolds
  A bat (D:2)
  A frilled lizard (D:2)
  2 rats
25 creatures vanquished.

Notes
Turn   | Place    | Note
-------+----------+-------------------------------------------
     0 | D:1      | Nithhogg the Human Monk began the quest for the Orb.
     0 | D:1      | Reached XP level 1. HP: 18/18 MP: 1/1
   128 | D:1      | Reached XP level 2. HP: 24/24 MP: 2/2
   846 | D:2      | Reached skill level 1 in Armour
   986 | D:2      | Reached XP level 3. HP: 29/29 MP: 3/3
  1513 | D:2      | Reached XP level 4. HP: 35/35 MP: 4/4
  1527 | D:2      | Killed from afar by an orc wizard

Illustrated notes

Levels and vault maps discovered:
D:1:      minmay_arrival_doors, layout_loops_ring, minmay_crystal_water,
          amcnicky_mini_pool_small, st_stairs_6, minmay_pentomino_r4
D:2:      layout_basic, general_overflow_altar, tgw_kikubaaqudgha

Skill      XL: |  1  2 |
---------------+-------+-----
Armour         | 1 |  1.3
Fighting       | |  3.4
Axes           | |  3.4
Dodging        | |  3.4
Stealth        | |  2.0

Action                   |  1- 3 |  4- 6 || total
-------------------------+-------+-------++-------
Melee: Hand axe          |    98 |     3 ||   101
  Use: Potion            |       |     1 ||     1
 Stab: Sleeping          |     4 |       ||     4
Armor: Robe              |    21 |     1 ||    22
Dodge: Dodged            |    77 |     2 ||    79
